 Dungeon Sprint DCSS version 0.30-a0-358-g0d69a1922f (webtiles) character file.

Game seed: 11495825739972244643

5 rocky1 the Trooper (level 1, -11/18 HPs)
             Began as a Demonspawn Monk on Nov 11, 2022.
             Mangled by a gnoll sergeant
             ... wielding a +0 trident
              (12 damage)
             ... in the Dungeon (Sprint IX: "|||||||||||||||||||||||||||||").
             The game lasted 00:00:24 (57 turns).

rocky1 the Trooper (Demonspawn Monk)                  Turns: 57, Time: 00:00:26

Health: -11/18     AC:  2    Str: 11    XL:     1   Next: 66%
Magic:  1/1        EV: 13    Int: 11    God:
Gold:   0          SH:  0    Dex: 15    Spells: 0/0 levels left

rFire   . . .      SeeInvis .    a - +0 spear
rCold   . . .      Faith    .    (no shield)
rNeg    . . .      Spirit   .    b - +0 robe
rPois   .          Reflect  .    (no helmet)
rElec   .          Harm     .    (no cloak)
rCorr   .          Rampage  .    (no gloves)
Will    .....      NoTele   +    (no boots)
Stlth   ++........               (no amulet)
HPRegen 0.23/turn                (no ring)
MPRegen 0.07/turn                (no ring)

@: hasted, very quick
A: no striking features
a: no special abilities


You were in the Dungeon.
You visited 1 branch

Inventory:

Hand Weapons
 a - a +0 spear (weapon)
Armour
 b - a +0 robe (worn)
Scrolls
 i - a scroll of blinking
Potions
 c - a potion of ambrosia
 d - a potion of curing
 e - a potion of heal wounds
 g - 2 potions of magic
 h - a potion of berserk rage


   Skills:
 + Level 3.3 Fighting
 * Level 3.3 Polearms
 + Level 1.0 Armour
 + Level 3.0 Dodging
 - Level 1.7 Stealth


You couldn't memorise any spells.
You didn't know any spells.
Your spell library was empty.

Dungeon Overview and Level Annotations

Branches:
Dungeon (1/1)

Altars:


Message History

There is an open door to the Dungeon here.
Items here: ) †††.
You open the door.
An iguana, a gnoll sergeant, an ogre, a scorpion and a necrophage come into view.
The gnoll sergeant shouts!
The iguana hisses angrily.
The ogre shouts!
Unknown command.
You feel yourself speed up. The iguana barely misses you.
The gnoll sergeant barely misses you.
Unknown command.
You barely miss the iguana. You hit the iguana but do no damage.
The iguana misses you. The gnoll sergeant barely misses you.
You hit the iguana but do no damage. The iguana closely misses you.
The gnoll sergeant misses you.
You hit the iguana.
The iguana is lightly wounded.
You hit the iguana.
The iguana is heavily wounded.
The gnoll sergeant hits you from afar with a +0 trident!
The iguana closely misses you.
You barely miss the iguana.
The iguana is heavily wounded.
You hit the iguana.
The iguana is severely wounded.
The gnoll sergeant closely misses you.
The iguana bites you but does no damage.
You hit the iguana but do no damage.
The iguana is severely wounded.
The iguana misses you.
The gnoll sergeant hits you from afar with a +0 trident.
You hit the iguana.
The iguana is almost dead.
You closely miss the iguana.
The iguana is almost dead.
The iguana bites you!
Ouch! That really hurt!
* * * LOW HITPOINT WARNING * * *
The gnoll sergeant hits you from afar with a +0 trident!
Ouch! That really hurt!
You die... ▓▓▓▓▓▓▓▓▓▓▓▓▓▓▓▓▓▓ ▓<...)....@lgOsn.+ ▓▓▓▓▓▓▓▓▓▓▓▓▓▓▓▓▓▓

You could see an ogre, a necrophage, a gnoll sergeant, a scorpion and an iguana.

Vanquished Creatures
  A ball python (D)
  A bat (D)
  An endoplasm (D)
  A kobold (D)
  A rat (D)
5 creatures vanquished.

Notes
Turn   | Place    | Note
-------+----------+-------------------------------------------
     0 | D        | rocky1 the Demonspawn Monk began the quest for the Orb.
     0 | D        | Reached XP level 1. HP: 18/18 MP: 1/1
    18 | D        | Reached skill level 1 in Armour
    46 | D        | Noticed an iguana
    46 | D        | Noticed a gnoll sergeant
    46 | D        | Noticed an ogre
    46 | D        | Noticed a scorpion
    46 | D        | Noticed a necrophage
    57 | D        | Mangled by a gnoll sergeant

Illustrated notes

Levels and vault maps discovered:
D:        linesprint [early_d, line_temple, items_1, d_10, items_2, lair_1,
          lair_end, items_3, orc_1, orc_end, items_4, d_15, swamp_1, shoals_1,
          snake_1, spider_1, d_20, vaults_1, items_5, swamp_end, shoals_end,
          snake_end, spider_end, vaults_end, d_27, items_6, zot_1, zot_end,
          crypt_end, forest_end, elf_end, slime_end, tomb_end, abyss_end,
          pan_hell_end]

Skill      XL: |  1 |
---------------+----+-----
Polearms       | 3 |  3.3
Dodging        | 3 |  3.0
Armour         | 1 |  1.0
Fighting       | |  3.3
Stealth        | |  1.7

Action                   || total
-------------------------++-------
Melee: Spear             ||    24
  Use: Potion            ||     1
 Stab: Sleeping          ||     1
Armor: Robe              ||     2
Dodge: Dodged            ||    11

Table legend: (Time is in decaauts)
 A = Elapsed time spent in this place.
 B = Non-inter-level travel time spent in this place.
 C = Inter-level travel time spent in this place.
 D = Time resting spent in this place.
 E = Time spent auto-exploring this place.
 F = Levels seen in this place.
 G = Mean time per level.
                   A        B        C        D        E       F      G
               +--------+--------+--------+--------+--------+-----+--------+
         Total |     52 |     52 |      0 |     22 |      0 |   1 |   52.0 |
       Dungeon |     52 |     52 |      0 |     22 |      0 |   1 |   52.0 |
               +--------+--------+--------+--------+--------+-----+--------+

Top non-repeatable levels by time:
       D: 52 daAuts
